 Seeded DCSS version 0.28-a0-1286-g6bde065e89 (webtiles) character file.

Game seed: 4200142385990743409 (custom seed)

514 croobank the Sneak (level 7, 0/41 HPs)
             Began as an Octopode Conjurer on Dec 26, 2021.
             Was an Initiate of Vehumet.
             Slain by a phantom (10 damage)
             ... on level 5 of the Dungeon.
             The game lasted 00:27:26 (5052 turns).

croobank the Sneak (Octopode Conjurer)              Turns: 5052, Time: 00:27:28

Health: 0/41       AC:  1    Str:  7    XL:     7   Next: 20%
Magic:  1/12       EV: 14    Int: 22    God:    Vehumet [......]
Gold:   102        SH:  0    Dex: 10    Spells: 7/13 levels left

rFire   . . .      SeeInvis .   w - staff of conjuration
rCold   . . .      Faith    .   (no shield)
rNeg    . . .      Spirit   .   (helmet restricted)
rPois   .          Reflect  .   (no amulet)
rElec   .          Harm     .   (no ring)
rCorr   .          Rampage  .   (no ring)
Will    .....                   (no ring)
Stlth   ++++......              (no ring)
HPRegen 0.13/turn               (no ring)
MPRegen 0.13/turn               (no ring)
                                (no ring)
                                (no ring)

@: no status effects
A: almost no armour, amphibious, 8 rings, camouflage 1, gelatinous body 1,
(nimble swimmer 1), tentacles
a: Renounce Religion


You were on level 5 of the Dungeon.
You worshipped Vehumet.
Vehumet was noncommittal.
You visited 1 branch of the dungeon, and saw 5 of its levels.

You collected 102 gold pieces.

Inventory:

Hand Weapons
 j - a +0 rapier
 n - a +0 scimitar
 r - a +1 dagger of venom
Missiles
 c - 39 arrows
 f - 44 stones
 s - 16 sling bullets
Magical Staves
 m - a staff of air
 w - a staff of conjuration (weapon)
Scrolls
 a - a scroll of fog {fog, unknown}
 b - 3 scrolls of identify {identify, unknown}
 d - a scroll of acquirement {acquirement}
 e - a scroll of enchant armour {enchant armour, unknown}
 g - a scroll of torment {torment, unknown}
 i - a scroll of enchant weapon {enchant weapon, unknown}
 t - a scroll of amnesia {amnesia, unknown}
 u - 2 scrolls of teleportation {teleportation, unknown}
 v - a scroll of immolation {immolation, unknown}
Potions
 h - a potion of ambrosia {ambrosia, unknown}
 k - a potion of curing {curing}
 l - 3 potions of brilliance {brilliance, unknown}
 o - a potion of attraction {attraction, unknown}
 p - a potion of degeneration {degeneration, unknown}
 q - a potion of resistance {resistance, unknown}


   Skills:
 + Level 4.1 Dodging
 + Level 5.8 Stealth
 + Level 3.8 Spellcasting
 + Level 5.4 Conjurations


You had 7 spell levels left.
You knew the following spells:

 Your Spells              Type           Power      Damage    Failure   Level
a - Magic Dart            Conj           100%       1d8       1%          1
b - Searing Ray           Conj           84%        2d7       1%          2
c - Dazzling Flash        Conj/Hex       48%        N/A       11%         3

Your spell library contained the following spells:

 Spells                   Type           Power      Damage    Failure   Level
 Frozen Ramparts          Ice            8%         1d2       34%         3
 Fulminant Prism          Conj/Hex       12%        3d9       36%         4
 Iskenderun's Mystic Bla  Conj/Tloc      24%        2d7       36%         4
 Ice Form                 Ice/Tmut       4%         N/A       75%         4
 Summon Ice Beast         Ice/Summ       4%         N/A       75%         4


Dungeon Overview and Level Annotations

Branches:
Dungeon (5/15)
 Temple: D:4-7

Altars:
Vehumet


Innate Abilities, Weirdness & Mutations

You cannot wear most types of armour.
You are amphibious.
You can wear up to eight rings at the same time.
Your skin changes colour to match your surroundings (Stealth+).
Your rubbery body absorbs attacks. (AC +1, EV +1)
((You are camouflaged when in or above water. (Stealth+)))
You have tentacles for arms and can constrict up to eight enemies at once.


Message History

The phantom barely misses you.
You closely miss the phantom.
The phantom is heavily damaged.
The phantom completely misses you.
Casting: Searing Ray (safe; 1% risk of failure)
Confirm with . or Enter, or press ? or * to list all spells.
Aiming: Searing Ray (safe; 1% risk of failure)
Press: ? - help, Shift-Dir - straight line, f/p - phantom
Aim: a phantom (heavily damaged, 75% to hit)
You feel a surge of power!
The searing ray hits the phantom!
The phantom is severely damaged. (Press . to maintain the ray.)
The phantom hits you!
The phantom blinks!
You blink.
You hit the phantom but do no damage.
The phantom is severely damaged.
The phantom misses you. The phantom closely misses you.
You hit the phantom but do no damage.
You blast the phantom.
The phantom is severely damaged.
The phantom hits you.
You hit the phantom. You squeeze the phantom.
The phantom is severely damaged.
The phantom misses you.
You barely miss the phantom. Your squeeze misses the phantom.
The phantom is severely damaged.
The phantom hits you.
* * * LOW HITPOINT WARNING * * *
It was a potion of curing {curing}.
You feel better. The phantom hits you!
* * * LOW HITPOINT WARNING * * *
The phantom blinks!
You blink.
Found a club.
Found a stone staircase leading down.
Casting: Searing Ray (safe; 1% risk of failure)
Confirm with . or Enter, or press ? or * to list all spells.
Aiming: Searing Ray (safe; 1% risk of failure)
Press: ? - help, Shift-Dir - straight line, f/p - phantom
Aim: a phantom (severely damaged, 75% to hit)
You feel a surge of power!
The searing ray misses the phantom. (Press . to maintain the ray.)
The phantom hits you!
You die...

####...#
####.....#..#
######....#######...
###..........### ..
#..>.......)...# .
#...............#
#...............#
#....W...........#
##..@............#
#...............#
#..............#
##...........##
#.........###
##......### #....###
######


You could see a phantom.

Vanquished Creatures
  2 black bears
  A phantom (D:4)
  2 hounds (D:5)
  A centaur skeleton (D:5)
  Jessica (D:2)
  4 gnolls (D:2)
  2 adders
  An adder skeleton (D:4)
  A worm (D:2)
  2 dart slugs
  2 orcs
  9 endoplasms
  4 giant cockroaches
  9 goblins
  6 hobgoblins
  4 jackals (D:2)
  6 kobolds
  2 quokkas (D:1)
  2 ball pythons
  4 bats (D:1)
  4 frilled lizards
  5 rats
74 creatures vanquished.

Notes
Turn   | Place    | Note
-------+----------+-------------------------------------------
     0 | D:1      | croobank the Octopode Conjurer began the quest for the Orb.
     0 | D:1      | Reached XP level 1. HP: 11/11 MP: 3/3
    69 | D:1      | Found a faded altar of an unknown god.
   320 | D:1      | Reached XP level 2. HP: 17/17 MP: 3/5
  1362 | D:1      | Reached XP level 3. HP: 12/21 MP: 3/6
  1838 | D:2      | Noticed Jessica
  1841 | D:2      | Killed Jessica
  1879 | D:2      | Learned a level 2 spell: Searing Ray
  1883 | D:2      | Learned a level 3 spell: Dazzling Flash
  1968 | D:2      | Reached XP level 4. HP: 27/27 MP: 5/7
  2145 | D:2      | HP: 1/27 [gnoll (7)]
  2681 | D:2      | Reached XP level 5. HP: 31/31 MP: 4/9
  4346 | D:4      | Noticed a phantom
  4360 | D:4      | Killed a phantom
  4546 | D:4      | Reached XP level 6. HP: 36/36 MP: 8/10
  4572 | D:4      | Reached skill level 5 in Conjurations
  4666 | D:4      | Noticed a black bear
  4669 | D:4      | Found a radiant altar of Vehumet.
  4676 | D:4      | Killed a black bear
  4677 | D:4      | Reached skill level 5 in Stealth
  4844 | D:4      | Became a worshipper of Vehumet
  4922 | D:5      | Entered Level 5 of the Dungeon
  4990 | D:5      | Noticed a black bear
  5000 | D:5      | Killed a black bear
  5001 | D:5      | Reached XP level 7. HP: 34/41 MP: 4/12
  5017 | D:5      | Identified 2 scrolls of acquirement {acquirement}
  5017 | D:5      | Acquired 559 gold pieces
  5052 | D:5      | Slain by a phantom

Illustrated notes

Levels and vault maps discovered:
D:1:      dpeg_arrival_fog, layout_loops_ring, nicolae_ecumenical_lake_church,
          chequers_mini_garden
D:2:      layout_basic, uniq_jessica
D:3:      layout_basic, chequers_decorated_corner
D:4:      layout_rooms, vehumet_crystals, minmay_misc_feat_pillars,
          uniq_eustachio
D:5:      layout_cave_pods, serial_bayou_pond_c

Skill      XL: |  1  2  3  4  5  6 |
---------------+-------------------+-----
Stealth        | 3 4 5 |  5.8
Dodging        | 3 4 |  4.1
Spellcasting   | 3 |  3.8
Conjurations   | 5 |  5.4

Action                   |  1- 3 |  4- 6 |  7- 9 || total
-------------------------+-------+-------+-------++-------
Melee: Unarmed           |    25 |     5 |       ||    30
       Constrict         |     5 |     4 |       ||     9
       Tentacles         |     5 |     5 |     1 ||    11
       Rapier            |       |    15 |       ||    15
       Staff             |       |     3 |     5 ||     8
 Cast: Magic Dart        |    61 |    66 |       ||   127
       Searing Ray       |       |     9 |     4 ||    13
       Dazzling Flash    |       |     1 |       ||     1
  Use: Scroll            |       |       |     1 ||     1
       Potion            |       |       |     1 ||     1
 Stab: Sleeping          |       |     1 |       ||     1
Armor: Skin              |     1 |     1 |     1 ||     3
Dodge: Dodged            |    14 |    32 |     8 ||    54

Table legend: (Time is in decaauts)
 A = Elapsed time spent in this place.
 B = Non-inter-level travel time spent in this place.
 C = Inter-level travel time spent in this place.
 D = Time resting spent in this place.
 E = Time spent auto-exploring this place.
 F = Levels seen in this place.
 G = Mean time per level.
                   A        B        C        D        E       F      G
               +--------+--------+--------+--------+--------+-----+--------+
         Total |   5054 |   5011 |     43 |   1652 |   2555 |   5 | 1010.8 |
       Dungeon |   5054 |   5011 |     43 |   1652 |   2555 |   5 | 1010.8 |
               +--------+--------+--------+--------+--------+-----+--------+

Top non-repeatable levels by time:
     D:1: 1760 daAuts
     D:2: 1608 daAuts
     D:3: 830 daAuts
     D:4: 724 daAuts
     D:5: 130 daAuts
